Map: Kairos Junction LE

Players

Seph

  • Race: Zerg Zerg
  • Spawn Location: 5:00

MrBoo - Winner!

  • Race: Terran Terran
  • League: Gold
  • Spawn Location: 11:00

VOD

Have the link to the VOD?

Description

Time

  • Played on: Feb. 14, 2019, 8:27 p.m.
  • Length: 4:12
Show
View Real Time Build Order
Export as new Build Order

Seph Zerg 

Build Orders: Pool First 

Get SALT Encoding   

  12  0:11  Drone x2  
  14  0:41  Spawning Pool  
  13  0:55  Hatchery  
  12  1:00  Drone  
  13  1:04  Extractor  
  12  1:42  Drone x2  
  14  1:49  Overlord  
  14  2:04  Roach Warren  
  14  2:07  Queen  
  15  2:11  Extractor  
  15  2:15  Queen  
  16  2:26  Zergling x6  
  18  2:43  Zergling x2  
  13  2:58  Roach  
  13  3:01  Roach  
  12  3:14  Roach  
  12  3:32  Roach  
  9  3:44  Zergling x4  
Show
View Real Time Build Order
Export as new Build Order

MrBoo Terran - Winner!

Build Orders:  

Get SALT Encoding   

  12  0:01  SCV  
  13  0:14  Supply Depot  
  13  0:18  SCV  
  14  0:42  Barracks  
  14  0:48  Barracks  
  14  0:54  SCV  
  15  1:02  Refinery  
  15  1:06  SCV  
  16  1:17  Supply Depot  
  16  1:18  SCV  
  17  1:31  Marine  
  18  1:36  Orbital Command  
  18  1:41  Marine  
  19  1:52  Bunker  
  19  1:55  Marine  
  19  1:59  Marine  
  21  2:12  Marine  
  22  2:17  Marine  
  23  2:25  SCV  
  24  2:30  Marine  
  24  2:35  Marine  
  26  2:48  Marine  
  25  2:52  Bunker  
  25  2:53  Marine  
  26  2:59  SCV  
  26  3:01  Refinery  
  26  3:03  Factory  
  27  3:06  Marine  
  27  3:09  Supply Depot  
  27  3:11  SCV, Marine  
  30  3:24  Marine  
  29  3:29  Marine  
  28  3:41  Marine  
  28  3:45  Bunker  
  28  3:46  Marine  
  30  3:48  SCV  
  30  3:49  Factory Tech Lab  
  31  3:56  Starport  
Tags
 
League
Gold
Matchup
TvZ
Opening
Pool First
Spawn Locations
Cross Positions
Add a new tag
Caveats
  • Supply blocks, unpowered buildings, or Contaminate may cause inaccurate times.
  • Supply counts are checked every 10 seconds.